 Dungeon Crawl Stone Soup version 0.30.0-29-ga12c61a403 (webtiles) character file.

Game seed: 16893539754336690111

107 sour the Shield-Bearer (level 5, -3/42 HPs)
             Began as a Formicid Fighter on June 25, 2023.
             Slain by an orc priest
             ... wielding a +0 flail
              (5 damage)
             ... on level 4 of the Dungeon.
             The game lasted 00:05:21 (2296 turns).

sour the Shield-Bearer (Formicid Fighter)           Turns: 2296, Time: 00:05:21

Health: -3/42      AC:  7    Str: 22    XL:     5   Next: 11%
Magic:  0/5        EV:  9    Int:  8    God:
Gold:   158        SH:  5    Dex: 13    Spells: 4/4 levels left

rFire   . . .        a - +0 quarterstaff
rCold   . . .        c - +0 buckler
rNeg    . . .        b - +0 scale mail
rPois   .            (helmet unavailable)
rElec   .            (no cloak)
rCorr   .            (no gloves)
SInv    +            (no boots)
Will    .....        G - amulet of guardian spirit {Spirit} Stlth
                     (no ring)
HPRegen 0.27/turn    (no ring)
MPRegen 0.09/turn

%: guardian spirit
@: no status effects
A: permanent stasis, dig shafts and tunnels, antennae 3, four strong arms
a: Dig, Shaft Self


You were on level 4 of the Dungeon.
You visited 1 branch of the dungeon, and saw 4 of its levels.

You collected 158 gold pieces.

Inventory:

Hand Weapons
 a - a +0 quarterstaff (weapon)
 k - the +8 flail of Dissolution {speed, Will- Dex+5}
   (You found it on level 2 of the Dungeon)

   Dex:       It affects your dexterity (+5).
   Will:      It decreases your willpower.
Missiles
 Q - 22 stones (quivered)
Armour
 b - a +0 scale mail (worn)
 c - a +0 buckler (worn)
Jewellery
 G - an amulet of guardian spirit (around neck) {Spirit}
Scrolls
 e - 2 scrolls of summoning {unknown}
 g - 2 scrolls of identify {unknown}
 j - 2 scrolls of enchant armour {unknown}
 l - a scroll of teleportation {unknown}
 m - a scroll of silence {unknown}
 q - a scroll of fog {unknown}
 r - a scroll of acquirement {unknown}
 t - a scroll of amnesia {unknown}
 u - 2 scrolls of enchant weapon {unknown}
 v - a scroll of poison {unknown}
Potions
 d - a potion of might
 f - a potion of lignification {unknown}
 h - 2 potions of attraction {unknown}
 i - 2 potions of invisibility {unknown}
 n - 2 potions of curing {unknown}
 o - a potion of mutation {unknown}
 p - a potion of degeneration {unknown}
 s - a potion of haste {unknown}
 w - a potion of cancellation {unknown}
 x - 2 potions of brilliance {unknown}


   Skills:
 + Level 4.0 Fighting
 + Level 2.8 Staves
 + Level 4.0 Armour
 + Level 1.8 Stealth
 + Level 4.8 Shields


You had 4 spell levels left.
You didn't know any spells.
Your spell library contained the following spells:

 Spells                   Type           Power      Damage    Failure   Level
 Slow                     Hex            0%         N/A       80%         1
 Summon Small Mammal      Summ           0%         N/A       80%         1
 Call Canine Familiar     Summ           0%         N/A       99%         3
 Confusing Touch          Hex            0%         N/A       99%         3
 Portal Projectile        Hex/Tloc       0%         N/A       99%         3
 Summon Guardian Golem    Hex/Summ       0%         N/A       99%         3
 Vampiric Draining        Necr           0%         2d6       99%         3
 Leda's Liquefaction      Hex/Erth       0%         N/A       100%        4


Dungeon Overview and Level Annotations

Branches:
Dungeon (4/15)
 Temple: D:4-7

Altars:

Shops:
D:1 [[:


Innate Abilities, Weirdness & Mutations

You cannot be hasted, slowed, berserked, paralysed or teleported.
You can dig through walls and to a lower floor.
You have a pair of large antennae on your head. (SInv)
Your four strong arms can wield two-handed weapons with a shield.


Message History

Beogh smites you!
You take 16 damage, and have 26/42 hp.
MASSIVE DAMAGE!!
You now have 4/5 mp.
Unknown command.
Unknown command.
You are too injured to fight recklessly!
You are too injured to fight recklessly!
You are too injured to fight recklessly!
You are too injured to fight recklessly!
You are too injured to fight recklessly!
You hit the orc.
The orc priest calls down the wrath of Beogh upon you.
Beogh smites you!
* * * LOW HITPOINT WARNING * * *
You block the orc's attack.
You take 10 damage, and have 16/42 hp.
MASSIVE DAMAGE!!
You now have 3/5 mp.
You sock the orc!
You kill the orc!
The orc priest barely misses you.
You hit the orc priest but do no damage.
The orc priest hits you with a +0 flail.
* * * LOW HITPOINT WARNING * * *
You block the orc's attack.
You take 1 damage, and have 15/42 hp.
You now have 2/5 mp.
You hit the orc priest but do no damage.
The orc priest closely misses you. The orc barely misses you.
You barely miss the orc.
The orc priest calls down the wrath of Beogh upon you.
Beogh smites you!
* * * LOW MAGIC WARNING * * *;
* * * LOW HITPOINT WARNING * * *
You take 15 damage, and have 1/42 hp.
MASSIVE DAMAGE!!
You now have 0/5 mp.
You hit the orc but do no damage. The orc hits you but does no damage.
You barely miss the orc. The orc hits you but does no damage.
The orc priest hits you with a +0 flail.
You die...

#....#.#.###
#..........###
##.#.##.###...#
........# ###.#
#### ##>..####
#.# +#...#
#...# #.###
#...... #...#
#'#.# .......
##...#
###...##K......
.....#
#.....@ol.[....
###..#
#.....o##......
#..# #.......#
..... #..#
+.......# #+##
#... #[......#
#.##. #......##
... .# #......+
<. # ###...##
#+#.#


You could see an iguana, an orc priest, an orc and a kobold.

Levels and vault maps discovered:
D:1:      nzn_arrival_depleted_hourglass, layout_basic, serial_shops, shop,
          shop, shop
D:2:      layout_rooms, st_stairs_7, nicolae_wormholes
D:3:      layout_loops_ring
D:4:      nicolae_cairo_tiling_very_big, layout_loops_ring

Notes
Turn   | Place    | Note
-------+----------+-------------------------------------------
     0 | D:1      | sour the Formicid Fighter began the quest for the Orb.
     0 | D:1      | Reached XP level 1. HP: 18/18 MP: 1/1
   162 | D:1      | Reached XP level 2. HP: 24/24 MP: 2/2
   176 | D:1      | Found Modeh's Antique Armour Emporium.
   202 | D:1      | Identified a +0 quarterstaff
   223 | D:1      | Identified a +0 club
   223 | D:1      | Identified an orb of energy
   269 | D:1      | Identified an amulet of guardian spirit
   313 | D:1      | Reached XP level 3. HP: 29/29 MP: 3/3
   363 | D:1      | Found Emuocez's Armour Shoppe.
   409 | D:1      | Identified a +0 short sword
   448 | D:1      | Identified a +0 club
   556 | D:1      | Identified a +0 ring mail
   576 | D:1      | Found Asseby's Book Boutique.
   607 | D:1      | Identified a +0 whip
   634 | D:1      | Identified a +0 short sword
   643 | D:1      | Reached skill level 1 in Stealth
  1299 | D:2      | Reached XP level 4. HP: 33/37 MP: 2/4
  1321 | D:2      | Identified a +0 dagger
  1467 | D:2      | Identified a +0 robe
  1469 | D:2      | Identified the +8 flail of Dissolution {speed, Will- Dex+5}
  1555 | D:2      | Identified a +0 short sword
  1630 | D:2      | Identified a +0 whip
  1640 | D:2      | Identified a +0 scale mail
  1644 | D:3      | Identified a +0 dagger
  1651 | D:3      | Reached skill level 4 in Armour
  1682 | D:3      | Identified a +0 club
  1790 | D:3      | Identified a +0 dagger
  1790 | D:3      | Identified a +0 sling
  1801 | D:3      | Identified a +0 leather armour
  1877 | D:3      | Identified a +0 club
  1882 | D:3      | Reached skill level 4 in Fighting
  1882 | D:3      | Reached XP level 5. HP: 39/42 MP: 5/5
  1960 | D:3      | Identified a +0 leather armour
  2222 | D:3      | Identified a +0 ring mail
  2284 | D:4      | Identified a +0 club
  2284 | D:4      | Identified a +0 club
  2284 | D:4      | Identified a +0 leather armour
  2284 | D:4      | Identified a +0 flail
  2284 | D:4      | Identified a +0 scale mail
  2284 | D:4      | Identified a +0 club
  2284 | D:4      | Identified a +0 leather armour
  2284 | D:4      | Identified a +0 club
  2284 | D:4      | Identified a +0 chain mail
  2287 | D:4      | Identified a +0 whip
  2294 | D:4      | HP: 1/42 [orc priest/divine providence (15)]
  2296 | D:4      | Slain by an orc priest

Table legend: (Time is in decaauts)
 A = Elapsed time spent in this place.
 B = Non-inter-level travel time spent in this place.
 C = Inter-level travel time spent in this place.
 D = Time resting spent in this place.
 E = Time spent auto-exploring this place.
 F = Levels seen in this place.
 G = Mean time per level.
                   A        B        C        D        E       F      G
               +--------+--------+--------+--------+--------+-----+--------+
         Total |   2327 |   2235 |     92 |    100 |   1633 |   4 |  581.8 |
       Dungeon |   2327 |   2235 |     92 |    100 |   1633 |   4 |  581.8 |
               +--------+--------+--------+--------+--------+-----+--------+

Top non-repeatable levels by time:
     D:1: 1168 daAuts
     D:3: 595 daAuts
     D:2: 501 daAuts
     D:4: 61 daAuts

Table legend:
 A = Kills in this place as a percentage of kills in the entire game.
 B = Kills by you in this place as a percentage of kills by you in the entire game.
 C = Kills by friends in this place as a percentage of kills by friends in the entire game.
 D = Other kills in this place as a percentage of other kills in the entire game.
 E = Experience gained in this place as a percentage of experience gained in the entire game.
 F = Experience gained in this place divided by the number of levels of this place that you have seen.
                   A       B       C       D       E      F
               +-------+-------+-------+-------+-------+----------------------
         Total | 100.0 | 100.0 |   N/A |   N/A | 100.0 |  38.5
       Dungeon | 100.0 | 100.0 |   N/A |   N/A | 100.0 |  38.5
               +-------+-------+-------+-------+-------+----------------------

Skill      XL: |  1  2  3  4 |
---------------+-------------+-----
Stealth        | 1 |  1.8
Armour         | 4 |  4.0
Fighting       | 4 |  4.0
Staves         | |  2.8
Shields        | |  4.8

Action                     |  1- 3 |  4- 6 || total
---------------------------+-------+-------++-------
  Melee: Quarterstaff      |   107 |    52 ||   159
  Throw: Stone             |     1 |       ||     1
 Armour: Scale mail        |    65 |    18 ||    83
  Dodge: Dodged            |    46 |    29 ||    75
  Block: Buckler           |    22 |    12 ||    34

Vanquished Creatures
  3 adders
  A worm (D:2)
  2 dart slugs
  4 orcs
  3 ball pythons (D:1)
  7 endoplasms
  2 giant cockroaches (D:1)
  6 hobgoblins
  8 jackals (D:1)
  A quokka (D:1)
  9 bats
  4 frilled lizards
  5 goblins
  5 kobolds
  3 rats (D:1)
63 creatures vanquished.
